[Event "Marshall CC FIDE Premier November 2024"]
[Site "New York"]
[Date "2024.11.03"]
[Round "3.2"]
[White "Chin, Spencer"]
[Black "Putnam, Liam"]
[Result "0-1"]
[ECO "E24"]
[WhiteElo "2035"]
[BlackElo "2388"]
[Annotator "TA"]
[PlyCount "88"]
[EventDate "2024.11.01"]
[EventType "swiss"]
[EventCountry "USA"]
[SourceTitle "playchess.com"]
[Source "ChessBase"]
[SourceQuality "1"]
[TimeControl "5400+30"]

1. d4 Nf6 2. c4 e6 3. Nc3 Bb4 4. f3 c5 5. a3 Bxc3+ 6. bxc3 O-O 7. e4 d6 8. Ne2 Nc6 9. Bg5 {[%emt 0:00:39] The position is equal.} b6 10. Ng3 h6 11. Be3 Ba6 12. Bd3 Na5 13. Qe2 Qd7 14. O-O Qa4 15. e5 dxe5 (15... Ne8 $11) 16. dxe5 (16. Bxh6 $1 $16 Bxc4 (16... gxh6 17. Qxe5 Nd7 18. Qh5 $18) (16... exd4 17. Bxg7 Kxg7 18. Qe5 $18) 17. Bxg7 (17. dxe5 Bxd3 18. Qxd3 Nh7 $17) 17... Bxd3 (17... Kxg7 $2 18. Qxe5 Rfe8 19. Bxc4 $18) 18. Qxe5) 16... Nd7 $2 {[%emt 0:11:42][%mdl 8192] [#]} (16... Nh7 $1 $11 {and Black has nothing to worry.}) 17. Bxh6 $1 $18 Bxc4 {[%emt 0:03:01] [#]} 18. Qe4 f5 $14 {[%emt 0:00:12] [#]} 19. exf6 $1 Nxf6 20. Qg6 Qd7 21. Bxc4 Nxc4 22. Bg5 (22. Rfe1 $1 $14) 22... Ne5 $132 {[%emt 0:06:47][%mdl 2048] Black is not holding back. Excellent horsemanship.} 23. Qc2 Rad8 24. Rad1 Nd3 $1 25. Ne4 c4 26. Bxf6 gxf6 27. Nf2 Qd5 28. Nxd3 cxd3 29. Qd2 Rd7 30. Rfe1 Rfd8 (30... Kf7 {feels hotter.} 31. Qh6 Rg8 32. Qh7+ Rg7) 31. Qh6 Qc5+ 32. Kh1 Qg5 {[%emt 0:01:30] Against Qg6+. Active counter play!} 33. Qh3 (33. Qxg5+ {simplifies} fxg5 34. Rxe6 Rc7 35. Kg1) 33... f5 {[%emt 0:06:35] ...Rh7 is the strong threat.} 34. f4 (34. Rxe6 {looks sharper.} Rh7 35. f4 Qxf4 36. Rg6+) 34... Qf6 35. Re5 d2 36. Qg3+ Kf8 {[%emt 0:00:37] White must now prevent ...Rd3.} (36... Qg7 {with more complications.} 37. Qh4 Rd3 38. Rxe6 Qg4) 37. Qf2 (37. Re3 $11 {keeps the balance.}) 37... Rd3 $17 38. h3 Kf7 (38... Rxc3 39. Rxd2 Rc6 40. Re3 $14) 39. Qe2 Qh4 (39... Rxc3 $6 40. Rxd2 Rxd2 41. Qxd2 Rxa3 42. Qc2 $11) ({Better is} 39... R8d6 $17 40. Qf2 Qd8 (40... Rxc3 41. Rxd2 Rxd2 42. Qxd2 $11)) 40. Rxe6 $2 {[%emt 0:00:55][%mdl 8192] [#]} (40. Re3 $15 R3d6 41. Qf3) 40... Rxh3+ $1 {[%emt 0:00:31][%mdl 512] Black mates.} 41. gxh3 Qxh3+ 42. Qh2 Qf3+ (42... Qxc3 43. Rh6 (43. Re2 Rh8 $17) 43... Qf3+ (43... Qxa3 44. Qh5+ Ke7 45. Qg5+ Kd7 46. Qg7+ Qe7 47. Rxd2+ Kc8 48. Qxe7 Rg8 49. Qxa7) 44. Qg2 $18) 43. Qg2 Qxd1+ 44. Kh2 Qh5+ {[%emt 0:00:07] Quite a comeback for Black.   Weighted Error Value: White=0.33/Black=0.25 (precise) .  Loses game:     	White=1     	Black=1      Missed win:     	White=1     	---        Mistake:       	White=3     	Black=2      Inaccurate:     	White=2     	Black=3      OK:         	White=10    	Black=10     Best:        	White=2     	Black=1      Strong:       	White=1     	Black=1      Brilliant:      	White=1     	Black=1} 0-1

[Event "Marshall CC FIDE Premier November 2024"]
[Site "New York"]
[Date "2024.11.03"]
[Round "3.3"]
[White "Muthukumar, Haari"]
[Black "Levine, Owen"]
[Result "1-0"]
[ECO "B90"]
[WhiteElo "2168"]
[BlackElo "1998"]
[Annotator "RC"]
[PlyCount "71"]
[EventDate "2024.11.01"]
[EventType "swiss"]
[EventCountry "USA"]
[SourceTitle "playchess.com"]
[Source "ChessBase"]
[SourceQuality "1"]
[TimeControl "5400+30"]

1. e4 c5 2. Nf3 d6 3. d4 cxd4 4. Nxd4 Nf6 5. Nc3 a6 6. Nb3 e6 7. g4 h6 8. h4 Nc6 9. Bg2 Be7 10. g5 hxg5 11. hxg5 Rxh1+ 12. Bxh1 Nd7 13. Qh5 Nf8 14. Be3 Ne5 15. Nd2 b5 16. f4 Nc4 17. Nxc4 bxc4 18. O-O-O Rb8 19. Qh8 g6 20. Bd4 Qa5 21. Kb1 Qb4 22. Ne2 Bd7 23. Bf3 a5 24. Bc3 Qb6 25. Bd4 Qb5 26. Bc3 a4 27. a3 Qc5 28. Bb4 Qe3 29. Qc3 Qxc3 30. Nxc3 Rb6 31. Be2 e5 32. Nd5 Rc6 33. Nxe7 Kxe7 34. fxe5 Ke8 35. exd6 Ne6 36. Rh1 1-0

[Event "Marshall CC FIDE Premier November 2024"]
[Site "New York"]
[Date "2024.11.03"]
[Round "3.4"]
[White "Zhu, Linxi"]
[Black "Ayyappan, Santhosh"]
[Result "1-0"]
[ECO "C90"]
[WhiteElo "2143"]
[BlackElo "1933"]
[Annotator "RC"]
[PlyCount "171"]
[EventDate "2024.11.01"]
[EventType "swiss"]
[EventCountry "USA"]
[SourceTitle "playchess.com"]
[Source "ChessBase"]
[SourceQuality "1"]
[TimeControl "5400+30"]

1. e4 e5 2. Nf3 Nc6 3. Bb5 a6 4. Ba4 Nf6 5. O-O b5 6. Bb3 Be7 7. Re1 d6 8. c3 Na5 9. Bc2 c5 10. d4 Qc7 11. d5 Nc4 12. b3 Nb6 13. a4 O-O 14. a5 Nbd7 15. Nbd2 Re8 16. Nf1 Nf8 17. Ng3 h6 18. h3 Bd7 19. Be3 Kh7 20. Nh4 g6 21. Nf3 Ng8 22. Nh2 Bf6 23. Qf3 Kg7 24. Ng4 Bxg4 25. Qxg4 Kh7 26. Qf3 Kg7 27. c4 b4 28. Kf1 Qe7 29. Qg4 Kh7 30. Qf3 Kg7 31. Ke2 Nh7 32. Kd2 Bg5 33. Rh1 Qf6 34. Qxf6+ Bxf6 35. h4 Ra7 36. Bd1 Ne7 37. Rh3 Ng8 38. Be2 Ne7 39. Rah1 Ng8 40. Kc2 Rc7 41. Nf1 Bd8 42. g4 Rb7 43. Ng3 Rd7 44. Kb2 Rb7 45. Rg1 Kf8 46. Kc2 Rd7 47. Ra1 Kg7 48. Rf1 Bf6 49. Bd3 Bd8 50. Ne2 Bf6 51. Ng1 Bd8 52. Nf3 Rb7 53. Rfh1 Rd7 54. Rg3 Rb7 55. Rgh3 Rd7 56. Rf1 Rb7 57. Ng1 Rd7 58. Ne2 Bf6 59. Rh2 Rb7 60. Rhh1 Rd7 61. Bc1 Rb7 62. Bb2 Rc7 63. Rfg1 Rb7 64. Rh2 Rc7 65. Rg3 Rb7 66. Rh1 Rc7 67. Bc1 Be7 68. g5 h5 69. Bb2 f6 70. f4 Kf7 71. Rf1 Kg7 72. Rfg1 Nf8 73. Rf3 Bd8 74. Ng3 fxg5 75. hxg5 Rf7 76. Rgf1 Nd7 77. fxe5 Rxf3 78. exd6+ Rf6 79. Ne2 Ne5 80. gxf6+ Bxf6 81. Nf4 Nxd3 82. d7 Rxe4 83. Bxf6+ Nxf6 84. d8=Q Nxf4 85. Rxf4 Rxf4 86. Qc7+ 1-0

[Event "Marshall CC FIDE Premier November 2024"]
[Site "New York"]
[Date "2024.11.03"]
[Round "3.5"]
[White "Bonin, Jay"]
[Black "Gartenlaub, Corin"]
[Result "1/2-1/2"]
[ECO "E92"]
[WhiteElo "2127"]
[BlackElo "1895"]
[Annotator "RC"]
[PlyCount "75"]
[EventDate "2024.11.01"]
[EventType "swiss"]
[EventCountry "USA"]
[SourceTitle "playchess.com"]
[Source "ChessBase"]
[SourceQuality "1"]
[TimeControl "5400+30"]

1. d4 d6 2. Nf3 Nf6 3. c4 g6 4. Nc3 Bg7 5. e4 O-O 6. Be2 e5 7. dxe5 dxe5 8. Qxd8 Rxd8 9. Bg5 Na6 10. Nd5 Rd6 11. Bxf6 Bxf6 12. b4 c6 13. Nxf6+ Rxf6 14. a3 Rf4 15. Nd2 Nc7 16. g3 Rf6 17. Nb3 Bh3 18. Rg1 h5 19. Rd1 Bg4 20. Rd3 Kf8 21. Bxg4 hxg4 22. Nc5 Ke8 23. Nxb7 Ne6 24. Rd6 Rf3 25. Kf1 Rxa3 26. Kg2 Rb8 27. Na5 Rxb4 28. Nxc6 Rxc4 29. Rb1 Kf8 30. Rb8+ Kg7 31. Rb7 Nc5 32. Rxg6+ Kxg6 33. Nxe5+ Kf6 34. Nxc4 Rc3 35. Rb4 Nd3 36. Ra4 Nc5 37. Rb4 Nd3 38. Ra4 1/2-1/2

[Event "Marshall CC FIDE Premier November 2024"]
[Site "New York"]
[Date "2024.11.03"]
[Round "3.6"]
[White "Muthukumaran, Gurru"]
[Black "Hoffman, Luc"]
[Result "1/2-1/2"]
[ECO "B30"]
[WhiteElo "1859"]
[BlackElo "2088"]
[Annotator "RC"]
[PlyCount "146"]
[EventDate "2024.11.01"]
[EventType "swiss"]
[EventCountry "USA"]
[SourceTitle "playchess.com"]
[Source "ChessBase"]
[SourceQuality "1"]
[TimeControl "5400+30"]

1. e4 c5 2. Nc3 Nc6 3. Bb5 Nd4 4. Nf3 e6 5. O-O a6 6. Bd3 Ne7 7. Nxd4 cxd4 8. Ne2 Nc6 9. c3 Bc5 10. b4 Ba7 11. cxd4 Nxd4 12. Bb2 Qf6 13. Bc3 d5 14. exd5 exd5 15. Nxd4 Bxd4 16. Qa4+ Kf8 17. Rae1 Be6 18. b5 Bxc3 19. dxc3 g6 20. f4 Kg7 21. Re5 Bd7 22. Qd4 Bxb5 23. Bxb5 axb5 24. Qxd5 Rhd8 25. Qxb5 Rxa2 26. Qxb7 Rdd2 27. Qe4 Qb6+ 28. Kh1 Rf2 29. Rg1 Qf6 30. Qc4 Rac2 31. Re4 Rcd2 32. Rd4 Rde2 33. Re4 Rxe4 34. Qxe4 Rxf4 35. Qd3 Rf2 36. h3 h5 37. Rd1 Kh7 38. Qd4 Qf5 39. c4 Rc2 40. Qd5 Qf2 41. Rb1 Rd2 42. Qc6 Rc2 43. Qd5 Rd2 44. Qc6 Qf5 45. Re1 Rc2 46. Qe4 Qf2 47. Rb1 Rc3 48. Qd5 Qf4 49. c5 Qf2 50. c6 Qf6 51. Re1 Rxc6 52. Qd3 Kg7 53. Rf1 Rd6 54. Qc4 Rd4 55. Rxf6 Rxc4 56. Ra6 h4 57. Kg1 Rc2 58. Ra4 g5 59. Ra3 Kg6 60. Ra6+ f6 61. Ra5 Re2 62. Kf1 Re5 63. Ra4 f5 64. Kf2 Kh5 65. Ra8 g4 66. Rh8+ Kg5 67. Rg8+ Kf4 68. hxg4 fxg4 69. Rf8+ Ke4 70. g3 h3 71. Rf4+ Kd3 72. Rxg4 Re2+ 73. Kf3 Re3+ 1/2-1/2

[Event "Marshall CC FIDE Premier November 2024"]
[Site "New York"]
[Date "2024.11.03"]
[Round "3.7"]
[White "Tadevosyan, Levon"]
[Black "Kozower, Ethan"]
[Result "1-0"]
[ECO "B24"]
[WhiteElo "1867"]
[BlackElo "1985"]
[Annotator "RC"]
[PlyCount "97"]
[EventDate "2024.11.01"]
[EventType "swiss"]
[EventCountry "USA"]
[SourceTitle "playchess.com"]
[Source "ChessBase"]
[SourceQuality "1"]
[TimeControl "5400+30"]

1. e4 c5 2. Ne2 Nf6 3. Nbc3 Nc6 4. d3 e6 5. g3 d5 6. exd5 exd5 7. Bg2 d4 8. Ne4 Nxe4 9. dxe4 Bd6 10. c3 O-O 11. O-O Bc7 12. b3 dxc3 13. Nxc3 Be5 14. Bb2 Nb4 15. Qh5 Bd4 16. Rad1 Qf6 17. Nd5 Nxd5 18. Bxd4 cxd4 19. Qxd5 Rd8 20. Qc5 Qd6 21. Qxd6 Rxd6 22. e5 Rd8 23. Rd2 g6 24. Rfd1 Bg4 25. f3 Be6 26. Rxd4 Rxd4 27. Rxd4 Rc8 28. Rd2 a5 29. Bf1 Rc5 30. f4 b5 31. Bd3 a4 32. Bc2 b4 33. Bd1 Rc1 34. Kf2 Rb1 35. bxa4 Ra1 36. Bb3 Bh3 37. a5 Rf1+ 38. Ke3 Re1+ 39. Kd4 Rc1 40. Bd5 Bc8 41. Be4 Rc7 42. Rc2 Rd7+ 43. Kc5 Ba6 44. Kb6 Bf1 45. a6 f5 46. a7 Rxa7 47. Bd5+ Rf7 48. Rc7 b3 49. axb3 1-0

[Event "Marshall CC FIDE Premier November 2024"]
[Site "New York"]
[Date "2024.11.03"]
[Round "3.8"]
[White "Zhao, Kevin"]
[Black "Li, Aiden Linyuan"]
[Result "0-1"]
[ECO "C07"]
[WhiteElo "2020"]
[BlackElo "1923"]
[Annotator "RC"]
[PlyCount "83"]
[EventDate "2024.11.01"]
[EventType "swiss"]
[EventCountry "USA"]
[SourceTitle "playchess.com"]
[Source "ChessBase"]
[SourceQuality "1"]
[TimeControl "5400+30"]

1. e4 e6 2. d4 d5 3. Nd2 c5 4. exd5 Qxd5 5. Ngf3 cxd4 6. Bc4 Qd6 7. O-O Nf6 8. Nb3 Nc6 9. Nbxd4 Nxd4 10. Nxd4 a6 11. Re1 Be7 12. Be3 b5 13. Qf3 Rb8 14. Bb3 Bb7 15. Qh3 O-O 16. Rad1 Rbd8 17. c3 Qc7 18. Bc2 Rd5 19. g4 g6 20. g5 Nh5 21. Bb3 Re5 22. Kf1 Nf4 23. Qg3 Nh5 24. Qg1 Bd6 25. f3 Rc5 26. Re2 e5 27. Nc2 Bxf3 28. Rxd6 Bxe2+ 29. Kxe2 Qxd6 30. Bxc5 Nf4+ 31. Kf3 Qc6+ 32. Kg4 Qe4 33. Qe3 Qf5+ 34. Kg3 Qxg5+ 35. Kf2 Qg2+ 36. Ke1 Qxh2 37. Qe4 Rd8 38. Nd4 Qg1+ 39. Kd2 Qg2+ 40. Ke3 Rxd4 41. Qxe5 Qg3+ 42. Kxd4 0-1

[Event "Marshall CC FIDE Premier November 2024"]
[Site "New York"]
[Date "2024.11.03"]
[Round "3.9"]
[White "Knowles, Chase"]
[Black "Panuganti, Kireet"]
[Result "0-1"]
[ECO "A13"]
[WhiteElo "1966"]
[BlackElo "2020"]
[Annotator "RC"]
[PlyCount "50"]
[EventDate "2024.11.01"]
[EventType "swiss"]
[EventCountry "USA"]
[SourceTitle "playchess.com"]
[Source "ChessBase"]
[SourceQuality "1"]
[TimeControl "5400+30"]

1. Nf3 Nf6 2. c4 e6 3. e3 Be7 4. Nc3 O-O 5. b3 b6 6. Bb2 Bb7 7. Qc2 c5 8. Be2 d5 9. cxd5 Nxd5 10. O-O Nd7 11. Rac1 Nxc3 12. dxc3 Qc7 13. Rfd1 Rad8 14. e4 Bd6 15. g3 Be7 16. Nd2 f5 17. f3 Bd6 18. Kf2 fxe4 19. Nxe4 Nf6 20. Ng5 Bxg3+ 21. Kg2 Bxh2 22. Nxe6 Qg3+ 23. Kh1 Bg1 24. Bf1 Bxf3+ 25. Bg2 Qh2# 0-1

[Event "Marshall CC FIDE Premier November 2024"]
[Site "New York"]
[Date "2024.11.03"]
[Round "3.10"]
[White "Goodrich, Elliott"]
[Black "Nicholson, Ian"]
[Result "1/2-1/2"]
[ECO "B41"]
[WhiteElo "1923"]
[BlackElo "1821"]
[Annotator "RC"]
[PlyCount "82"]
[EventDate "2024.11.01"]
[EventType "swiss"]
[EventCountry "USA"]
[SourceTitle "playchess.com"]
[Source "ChessBase"]
[SourceQuality "1"]
[TimeControl "5400+30"]

1. e4 c5 2. Nf3 e6 3. d4 cxd4 4. Nxd4 a6 5. c4 Nf6 6. Nc3 Qc7 7. Be2 Bb4 8. Qd3 Nc6 9. Nxc6 bxc6 10. O-O O-O 11. Be3 Be7 12. Kh1 d6 13. f4 Rb8 14. b3 e5 15. Rad1 Rd8 16. Bf3 a5 17. Qc2 Nd7 18. Qf2 exf4 19. Bxf4 Ne5 20. Rd2 Be6 21. Rfd1 f6 22. h3 Rf8 23. Qg3 Kh8 24. Ne2 Rbe8 25. Nd4 Qc8 26. Be2 Rd8 27. Qc3 Ng6 28. Bh2 f5 29. exf5 Bxf5 30. Qxa5 Bg5 31. Rb2 d5 32. Nxf5 Qxf5 33. Bg4 Qf6 34. Rbb1 Ra8 35. Qb6 Rxa2 36. cxd5 h5 37. Bxh5 Nh4 38. Qd4 Qf5 39. Qg4 Qf6 40. Qd4 Qf5 41. Qg4 Qf6 1/2-1/2

[Event "Marshall CC FIDE Premier November 2024"]
[Site "New York"]
[Date "2024.11.03"]
[Round "4.1"]
[White "Putnam, Liam"]
[Black "Zhu, Linxi"]
[Result "1-0"]
[ECO "D35"]
[WhiteElo "2388"]
[BlackElo "2143"]
[Annotator "TA"]
[PlyCount "121"]
[EventDate "2024.11.01"]
[EventType "swiss"]
[EventCountry "USA"]
[SourceTitle "playchess.com"]
[Source "ChessBase"]
[SourceQuality "1"]
[TimeControl "5400+30"]

1. Nf3 d5 2. d4 Nf6 3. c4 e6 4. Nc3 Bb4 5. cxd5 exd5 6. Bf4 O-O 7. e3 c5 8. dxc5 Bxc5 9. Bd3 Nc6 10. O-O a6 11. Rc1 Be7 12. h3 {[%emt 0:05:03] White has more active pieces. The black rooks are passive.} h6 13. Ne5 Bd6 14. Nxc6 bxc6 15. Bxd6 Qxd6 16. Na4 Rb8 17. Qd2 Re8 18. b3 Re5 19. Nc5 Rh5 ({Better is} 19... a5) 20. Be2 (20. Nxa6 $6 Bxh3 21. Nxb8 (21. gxh3 Rxh3 22. f4 Re8 $17) 21... Rg5 $11) 20... Re5 21. Qd4 a5 22. Qf4 Rb4 23. Qh2 {[%emt 0:01:48] And now Nd3 would win.} Bf5 24. Rfd1 Qe7 25. a3 (25. Bd3 $1 $14) 25... Rh4 $11 26. Qg3 Nh5 $1 27. Bxh5 Rxh5 28. Nd3 $132 {[%emt 0:02:17][%mdl 2048] White is not holding back} Bxd3 29. Rxd3 Reg5 30. Qf3 Qxa3 ({Black should play} 30... Qe6 $11 31. Kh2 c5) 31. Rxc6 $14 a4 $2 (31... Qe7 $16) 32. Kh2 {[%emt 0:02:16] Rc8+ would now be deadly.} ({Weaker is} 32. Rc8+ Kh7 $11) 32... Rf5 (32... Qa1 $16) 33. Qe2 Qa1 $2 (33... axb3 34. f4 Qa4 35. Rb6 $18) (33... Rhg5 34. Qc2 Qb4) 34. f4 $18 Rh4 35. Qc2 {[%emt 0:00:31] aiming for Rd1.} g6 36. bxa4 {[%emt 0:00:35] Threatens to win with Rcc3.} Rfh5 37. Rd1 Qa3 38. Rc8+ (38. Rxg6+ $142 fxg6 39. Qxg6+ Kf8 40. Rb1 (40. Qf6+ Ke8 $18) 40... Rxh3+ 41. gxh3 Rxh3+ 42. Kxh3 Qxe3+ 43. Qg3) 38... Kh7 39. Qc3 (39. Qd2 $142 Rxf4 40. exf4 Qxa4 41. g4) 39... Qxc3 40. Rxc3 {[%emt 0:00:03][%mdl 4096] Endgame. KRR-KRR} Kg7 41. Rc5 $2 (41. Kg3) 41... d4 42. Rxh5 Rxh5 43. Rxd4 {[%emt 0:00:05] KR-KR} Ra5 44. Kg3 Kf6 45. Kf3 Ke6 46. Rb4 Rc5 (46... Ke7 {was necessary.} 47. Ke4 Kf8) 47. Rb2 {[%emt 0:00:11] Black must now prevent Rb5.} Ra5 48. Rb6+ Ke7 49. Rb4 Rc5 50. Ke4 Rc3 $2 (50... Ra5 51. Kd3 Kf6) 51. Rb7+ Ke6 52. Rb6+ Ke7 53. a5 Ra3 54. a6 h5 55. g4 Ra4+ 56. Kd5 {[%emt 0:00:22] Hoping for Kc6.} h4 57. Kc6 f5 58. gxf5 gxf5 59. Kb7 Kd7 60. a7 Ra5 61. a8=Q 1-0

[Event "Marshall CC FIDE Premier November 2024"]
[Site "New York"]
[Date "2024.11.03"]
[Round "4.2"]
[White "Hebbar, Eshaan"]
[Black "Muthukumar, Haari"]
[Result "1/2-1/2"]
[ECO "A40"]
[WhiteElo "2130"]
[BlackElo "2168"]
[Annotator "RC"]
[PlyCount "97"]
[EventDate "2024.11.01"]
[EventType "swiss"]
[EventCountry "USA"]
[SourceTitle "playchess.com"]
[Source "ChessBase"]
[SourceQuality "1"]
[TimeControl "5400+30"]

1. d4 e6 2. c4 b6 3. e4 Bb4+ 4. Nc3 Bb7 5. Qc2 Qh4 6. Bd3 f5 7. g3 Qe7 8. Nge2 Nf6 9. f3 c5 10. d5 fxe4 11. fxe4 e5 12. O-O Bxc3 13. Nxc3 d6 14. Nd1 O-O 15. Ne3 Bc8 16. Qe2 Na6 17. a3 Bh3 18. Rf2 Qd7 19. Bd2 Nc7 20. Qd1 Ng4 21. Nxg4 Bxg4 22. Rxf8+ Rxf8 23. Be2 Bxe2 24. Qxe2 Qa4 25. Bg5 Qd7 26. b3 h6 27. Be3 Ne8 28. Re1 Qh3 29. Qg2 Qg4 30. h3 Qg6 31. g4 Nf6 32. Bd2 Nh7 33. h4 Nf6 34. g5 hxg5 35. Bxg5 Rf7 36. Re3 Nh5 37. Qg4 Nf4 38. Kh2 Kh7 39. Qd1 Rf8 40. Qg4 Rf7 41. Qd1 Nh5 42. Rf3 Nf4 43. Re3 Nh5 44. Rf3 Nf6 45. Bxf6 Rxf6 46. Rxf6 Qxf6 47. Qh5+ Kg8 48. Qe8+ Kh7 49. Qh5+ 1/2-1/2

[Event "Marshall CC FIDE Premier November 2024"]
[Site "New York"]
[Date "2024.11.03"]
[Round "4.3"]
[White "Marsh, James J"]
[Black "Paragua, Megan Althea"]
[Result "0-1"]
[ECO "D37"]
[WhiteElo "2049"]
[BlackElo "2190"]
[Annotator "RC"]
[PlyCount "70"]
[EventDate "2024.11.01"]
[EventType "swiss"]
[EventCountry "USA"]
[SourceTitle "playchess.com"]
[Source "ChessBase"]
[SourceQuality "1"]
[TimeControl "5400+30"]

1. d4 Nf6 2. c4 e6 3. Nf3 d5 4. Nc3 Be7 5. Bf4 O-O 6. e3 c5 7. dxc5 Bxc5 8. Qc2 Nc6 9. a3 Re8 10. O-O-O e5 11. Bg5 d4 12. Nd5 Be6 13. Bxf6 gxf6 14. exd4 Nxd4 15. Nxd4 Bxd4 16. Ne3 Qb6 17. Kb1 f5 18. Nd5 Bxd5 19. cxd5 e4 20. Qd2 Bg7 21. Bc4 Rac8 22. Ba2 Rc3 23. d6 Rd8 24. Qe2 Rxa3 25. d7 Ra4 26. Rd2 Qa5 27. Rd5 Qb6 28. Rhd1 Rb4 29. R1d2 a5 30. Bc4 Qc6 31. Bb5 Qf6 32. Rd6 Rxb2+ 33. Rxb2 Qxd6 34. Rb3 Qd4 35. Qe3 Qd1+ 0-1

[Event "Marshall CC FIDE Premier November 2024"]
[Site "New York"]
[Date "2024.11.03"]
[Round "4.4"]
[White "Gartenlaub, Corin"]
[Black "Chin, Spencer"]
[Result "1/2-1/2"]
[ECO "B41"]
[WhiteElo "1895"]
[BlackElo "2035"]
[Annotator "RC"]
[PlyCount "42"]
[EventDate "2024.11.01"]
[EventType "swiss"]
[EventCountry "USA"]
[SourceTitle "playchess.com"]
[Source "ChessBase"]
[SourceQuality "1"]
[TimeControl "5400+30"]

1. e4 c5 2. Nf3 e6 3. d4 cxd4 4. Nxd4 a6 5. c4 Nf6 6. Nc3 Bb4 7. Qd3 d6 8. Be2 O-O 9. f3 d5 10. exd5 exd5 11. O-O Nc6 12. cxd5 Nxd5 13. Nxc6 bxc6 14. Nxd5 cxd5 15. Be3 Re8 16. Bd1 Qe7 17. Bf2 Be6 18. Rc1 Qb7 19. Ba4 Rec8 20. Qb3 Rxc1 21. Rxc1 Qe7 1/2-1/2

[Event "Marshall CC FIDE Premier November 2024"]
[Site "New York"]
[Date "2024.11.03"]
[Round "4.5"]
[White "Li, Aiden Linyuan"]
[Black "Tadevosyan, Levon"]
[Result "0-1"]
[ECO "C95"]
[WhiteElo "1923"]
[BlackElo "1867"]
[Annotator "RC"]
[PlyCount "106"]
[EventDate "2024.11.01"]
[EventType "swiss"]
[EventCountry "USA"]
[SourceTitle "playchess.com"]
[Source "ChessBase"]
[SourceQuality "1"]
[TimeControl "5400+30"]

1. e4 e5 2. Nf3 Nc6 3. Bb5 a6 4. Ba4 Nf6 5. O-O b5 6. Bb3 Be7 7. Re1 d6 8. c3 O-O 9. h3 Nb8 10. d4 Nbd7 11. Nbd2 Bb7 12. a4 Re8 13. Qc2 Bf8 14. dxe5 dxe5 15. Bxf7+ Kxf7 16. Qb3+ Ke7 17. Ng5 Qb8 18. Ndf3 Kd8 19. Rd1 Kc8 20. Nxe5 Nxe5 21. f4 Qa7+ 22. Kh1 Nxe4 23. Nxe4 Bxe4 24. Rf1 Qb7 25. Rg1 Bc5 26. fxe5 Bxg1 27. Kxg1 Qd5 28. Qxd5 Bxd5 29. Bf4 Kd7 30. Kf2 Ke6 31. Ke3 g5 32. Bh2 Bxg2 33. Rg1 Bxh3 34. Rxg5 bxa4 35. Rh5 Bf5 36. Rh4 Reb8 37. Rxa4 Rxb2 38. Bg3 a5 39. Bf4 Bc2 40. Rc4 a4 41. Rxc7 a3 42. c4 a2 43. Rc6+ Kd7 44. Rd6+ Ke7 45. Bg5+ Kf7 46. e6+ Kg6 47. Bd8 a1=Q 48. e7+ Kg7 49. e8=N+ Kf7 50. Rd4 Rb3+ 51. Kd2 Qxd4+ 52. Kxc2 Rb2+ 53. Kc1 Ra1# 0-1

[Event "Marshall CC FIDE Premier November 2024"]
[Site "New York"]
[Date "2024.11.03"]
[Round "4.6"]
[White "Panuganti, Kireet"]
[Black "Bonin, Jay"]
[Result "1-0"]
[ECO "B02"]
[WhiteElo "2020"]
[BlackElo "2127"]
[Annotator "RC"]
[PlyCount "71"]
[EventDate "2024.11.01"]
[EventType "swiss"]
[EventCountry "USA"]
[SourceTitle "playchess.com"]
[Source "ChessBase"]
[SourceQuality "1"]
[TimeControl "5400+30"]

1. e4 Nf6 2. Nc3 d5 3. exd5 Nxd5 4. d4 Nxc3 5. bxc3 c5 6. Be3 Qa5 7. Qd2 e6 8. Nf3 Nc6 9. Be2 Be7 10. O-O O-O 11. Rfb1 a6 12. Qc1 Qxc3 13. Rb3 Qa5 14. dxc5 Bxc5 15. Bh6 gxh6 16. Qxh6 Be7 17. Nd4 Qe5 18. Rh3 Rd8 19. Bd3 f5 20. Qxh7+ Kf8 21. Rg3 Ke8 22. c3 Nxd4 23. Qg6+ Kd7 24. cxd4 Qf6 25. Qh5 Rh8 26. Qd1 Bd6 27. Rc1 b5 28. Qb3 Rb8 29. d5 Bxg3 30. fxg3 Qd4+ 31. Kh1 Rxh2+ 32. Kxh2 Bb7 33. dxe6+ Kd6 34. Bxf5 Rh8+ 35. Bh3 Bxg2 36. Rd1 1-0

[Event "Marshall CC FIDE Premier November 2024"]
[Site "New York"]
[Date "2024.11.03"]
[Round "4.7"]
[White "Hoffman, Luc"]
[Black "Goodrich, Elliott"]
[Result "1-0"]
[ECO "C47"]
[WhiteElo "2088"]
[BlackElo "1923"]
[Annotator "RC"]
[PlyCount "101"]
[EventDate "2024.11.01"]
[EventType "swiss"]
[EventCountry "USA"]
[SourceTitle "playchess.com"]
[Source "ChessBase"]
[SourceQuality "1"]
[TimeControl "5400+30"]

1. e4 e5 2. Nf3 Nc6 3. Nc3 Nf6 4. Nd5 d6 5. d4 exd4 6. Bb5 a6 7. Ba4 Bd7 8. Nxd4 b5 9. Nxc6 Bxc6 10. Bb3 Be7 11. O-O O-O 12. Re1 Re8 13. c4 Bb7 14. cxb5 axb5 15. Bf4 Nxd5 16. Bxd5 Bxd5 17. Qxd5 Bf6 18. Re2 Qb8 19. Rc1 Ra4 20. b3 Rd4 21. Qc6 Qa8 22. Qxb5 Rdxe4 23. Rxe4 Rxe4 24. Be3 c5 25. Rd1 h6 26. Qe2 d5 27. Qf3 Qc6 28. h3 d4 29. Bd2 Qe6 30. a4 Re5 31. Qd3 Qc6 32. a5 Re6 33. Rc1 Bg5 34. Bxg5 hxg5 35. b4 Qc7 36. bxc5 Qxa5 37. Qxd4 Qc7 38. Qd5 Re5 39. Qa8+ Kh7 40. c6 Re7 41. Qa4 Kg6 42. g3 Kh6 43. Qb5 f6 44. Qd5 Kh7 45. Kg2 g6 46. Rb1 Qc8 47. Rb7 Rxb7 48. cxb7 Qe8 49. Qb3 Qe4+ 50. Kh2 Qd4 51. Kg1 1-0

[Event "Marshall CC FIDE Premier November 2024"]
[Site "New York"]
[Date "2024.11.03"]
[Round "4.9"]
[White "Ayyappan, Santhosh"]
[Black "Stancil, Kimani"]
[Result "1-0"]
[ECO "B83"]
[WhiteElo "1933"]
[BlackElo "1915"]
[Annotator "RC"]
[PlyCount "105"]
[EventDate "2024.11.01"]
[EventType "swiss"]
[EventCountry "USA"]
[SourceTitle "playchess.com"]
[Source "ChessBase"]
[SourceQuality "1"]
[TimeControl "5400+30"]

1. e4 c5 2. Nf3 Nc6 3. d4 cxd4 4. Nxd4 e6 5. Be3 Nf6 6. Nc3 Be7 7. Be2 d6 8. O-O Bd7 9. Ndb5 Qb8 10. Bf4 e5 11. Bg5 a6 12. Bxf6 gxf6 13. Na3 b5 14. Nd5 f5 15. exf5 Bxf5 16. Bf3 Nd4 17. Nxe7 Kxe7 18. Bxa8 Qxa8 19. c3 Rg8 20. f3 Bh3 21. cxd4 Bxg2 22. Kf2 Rg6 23. Rg1 Bxf3 24. Qe1 Bg2 25. Qe3 Rf6+ 26. Ke1 Rf4 27. Kd2 Rxd4+ 28. Kc1 Qc6+ 29. Qc3 Qe4 30. Re1 Qh4 31. Qg3 Qh6+ 32. Qe3 Qh4 33. Nc2 Rc4 34. b3 Rc5 35. Kb2 b4 36. Qg3 Qxg3 37. hxg3 Rc3 38. Re3 Rc8 39. Nxb4 a5 40. Nd3 f5 41. Nxe5 dxe5 42. Rxe5+ Kf6 43. Rxa5 Rg8 44. Ra6+ Kg5 45. Rg1 Be4 46. Rb6 Kg4 47. Rh6 Kf3 48. Rxh7 Kf2 49. Rd1 Rxg3 50. Rf7 Ke3 51. a4 Rg2+ 52. Ka3 Re2 53. Rf1 1-0